AoeStats
← lightningstrikes

MegaRandom

505211025Analyzed
1v1 RM · 25d ago on Sep 8, 2026· 57m 15s· 2 players
Game mode
Random Map
Map size
Tiny (2 player)
Population
200
Speed
Normal
Resources
Standard
Victory
Conquest
Starting age
Dark Age
Ending age
Imperial Age
RankedLock teamsTeams togetherTeam positionsShared explorationLock speedFull tech treeHidden civsTurbo modeCheats
Victory
Defeat
🇨🇳 Jurchens · China
599
+11
🇬🇷 Magyars · Greece
484
-11
lightningstrikes
8:55 Loom
11:29 Feudal Age
12:54 Double-Bit Axe
13:40 Man-at-Arms
17:09 Wheelbarrow
19:31 Fletching
19:41 Padded Archer Armor
19:42 Scale Mail Armor
19:52 Forging
24:32 Scale Barding Armor
26:44 Castle Age
28:18 Hand Cart
28:34 Bodkin Arrow
33:32 Iron Casting
33:12 Chain Mail Armor
39:18 Gold Mining
39:18 Stone Mining
44:10 Horse Collar
44:44 Bow Saw
44:45 Herbal Medicine
50:35 Imperial Age
47:51 Town Watch
49:11 Fortified Bastions
50:47 Gold Shaft Mining
50:47 Stone Shaft Mining
52:55 Chemistry
53:21 Elite Iron Pagoda
54:29 Chain Barding Armor
55:10 Blast Furnace
54:10 Pikeman
56:07 Halberdier
56:13 Elite Fire Lancer
Paris7
9:53 Loom
12:00 Feudal Age
10:16 Loom
22:20 Castle Age
35:16 Scale Barding Armor
38:26 Husbandry
38:39 Bloodlines
40:18 Chain Barding Armor
47:09 Imperial Age
49:08 Plate Barding Armor
48:36 Padded Archer Armor
48:26 Fletching
48:19 Cavalier
51:35 Elite Skirmisher
52:47 Pikeman
54:55 Scale Mail Armor
55:13 Leather Archer Armor
54:53 Bodkin Arrow
56:55 Chain Mail Armor
Connection lost

Rejoining the realm…

Still unreachable

The connection could not be restored.

Session expired

The server has moved on; the page needs a fresh start.